 Dungeon Crawl Stone Soup version 0.28-a0-973-ga7f8b01127 (webtiles) character file.

Game seed: 18100963263725230779

11 Goblin1989 the Sneak (level 2, 0/24 HPs)
             Began as a Demonspawn Delver on Dec 1, 2021.
             Slain by an orc wizard (3 damage)
             ... on level 3 of the Dungeon.
             The game lasted 00:03:02 (652 turns).

Goblin1989 the Sneak (Demonspawn Delver)             Turns: 652, Time: 00:03:03

Health: 0/24       AC:  3    Str: 12    XL:     2   Next: 17%
Magic:  2/2        EV: 10    Int: 11    God:
Gold:   7          SH:  0    Dex: 14    Spells: 1/1 levels left

rFire   . . .      SeeInvis .   a - +0 short sword
rCold   . . .      Faith    .   T - +0 kite shield
rNeg    . . .      Spirit   .   b - +0 leather armour
rPois   .          Reflect  .   (no helmet)
rElec   .          Harm     .   (no cloak)
rCorr   .          Rampage  .   (no gloves)
Will    .....                   (no boots)
Stlth   +.........              (no amulet)
HPRegen 0.08/turn               (no ring)
MPRegen 0.08/turn               (no ring)

@: confused, on berserk cooldown, slowed, very slow
A: repulsion field 1
a: no special abilities


You were on level 3 of the Dungeon.
You visited 1 branch of the dungeon, and saw 3 of its levels.

You collected 7 gold pieces.

Inventory:

Hand Weapons
 a - a +0 short sword (weapon)
 S - a +1 whip of venom
Missiles
 P - 12 boomerangs (quivered)
Armour
 b - a +0 leather armour (worn)
 T - a +0 kite shield (worn)
Wands
 g - a wand of digging (3) {@v1}
Scrolls
 c - a scroll of fog
 e - 2 scrolls of fear
 M - 2 scrolls of magic mapping
 O - a scroll of brand weapon {unknown}
Potions
 f - a potion of haste {@q3,}
 Q - a potion of degeneration {unknown}
 R - 2 potions of cancellation {unknown}
 U - a potion of attraction {unknown}


   Skills:
 - Level 3.0 Fighting
 - Level 1.7 Short Blades
 - Level 1.7 Dodging
 + Level 5.0 Stealth


You had one spell level left.
You didn't know any spells.
Your spell library was empty.

Dungeon Overview and Level Annotations

Branches:
Dungeon (5/15)
 Temple: D:4-7

Altars:


Innate Abilities, Weirdness & Mutations

You are surrounded by a mild repulsion field. (EV +2)


Message History

You barely miss the orc.
The orc is almost dead.
The orc hits you but does no damage.
You closely miss the orc.
The orc is almost dead.
The orc barely misses you.
You hit the orc.
You kill the orc!
Unknown command.
You start resting.
HP restored.
Health restored: 18
Things that are here:
a +0 hand axe; a +0 scale mail
Found a glowing whip.
You see here a +1 whip of venom.
S - a +1 whip of venom
Found a kite shield.
Found a grey potion.
You see here a +0 kite shield.
T - a +0 kite shield You start putting on your armour.
You continue putting on your +0 kite shield. x4
You finish putting on your +0 kite shield.
Found 6 silver javelins.
U - a grey potion An endoplasm comes into view.
The helpless endoplasm fails to defend itself.
You puncture the endoplasm!
You kill the endoplasm!
Your Stealth skill increases to level 5!
You have reached level 2!
Your demonic ancestry asserts itself...
You begin to radiate repulsive energy.
Health restored: 24; MP restored: 2 Unknown command.
A bat comes into view.
The helpless bat fails to defend itself.
You puncture the bat!
You kill the bat!
An endoplasm comes into view.
An orc wizard comes into view. It is wielding a +0 dagger.
An orc comes into view. It is wielding a +0 mace.
The orc wizard shouts!
The endoplasm quivers.
You hear a shout!
The orc wizard gestures at you while chanting.
The magic dart hits you.
You take 5 damage, and have 19/24 hp.
MASSIVE DAMAGE!!
Throw: 12 boomerangs
Press: ? - help, Q - select action Shift-Dir - straight line, f - endoplasm
Aim: an endoplasm (85% to hit)
You throw a boomerang. The boomerang hits the endoplasm.
The endoplasm is lightly wounded.
The orc wizard casts a spell.
The orc wizard flickers and vanishes!
Deactivating autopickup; reactivate with Ctrl-A.
Throw: 12 boomerangs
Press: ? - help, Q - select action Shift-Dir - straight line, f/p - endoplasm
Aim: an endoplasm (lightly wounded, 86% to hit)
You throw a boomerang. The boomerang hits the endoplasm.
You kill the endoplasm!
You hear some strange, mumbled words.
A puff of flame appears from out of thin air!
The puff of flame hits you!
You take 9 damage, and have 11/24 hp.
MASSIVE DAMAGE!!
It was a potion of berserk rage.
A red film seems to cover your vision as you go berserk!
You feel yourself moving faster!
You feel mighty!
You hear some strange, mumbled words.
You are confused.
You now have 17/36 hp.
You feel a strong urge to attack something.
You bump into the rock wall.
You bump into the rock wall.
You feel your anger nearly subside. Something hits you.
* * * LOW HITPOINT WARNING * * *
You take 4 damage, and have 13/36 hp.
You puncture something!
You bump into the rock wall.
You are no longer berserk.
You are exhausted.
You feel yourself slow down.
You hear some strange, mumbled words.
You are more confused.
You now have 9/24 hp.
You bump into the rock wall.
Something hits you.
* * * LOW HITPOINT WARNING * * *
You take 1 damage, and have 8/24 hp.
You bump into the rock wall.
Something hits you.
* * * LOW HITPOINT WARNING * * *
Something completely misses you.
You take 2 damage, and have 6/24 hp.
You closely miss something. Something hits you but does no damage.
Something hits you.
* * * LOW HITPOINT WARNING * * *
You take 3 damage, and have 3/24 hp.
You're too confused to move!
Something hits you.
You die... ███ ██.. ██... ███████

█.... █.....█ █....
███████████.....███....
██......................
█..█████████.....███....
██.....{@.........█
█....
████..██████████.....█
█.... █....██ █.....█
██... █...██.█ █.....█
██.. █.........█ █.....█
███ ████...████ ███.█.█
...█.. ███.█ █ .██.██.
..█ █ . █. █ .█.. █


There were no monsters in sight!

Vanquished Creatures
  An orc (D:3)
  2 bats (D:3)
  3 endoplasms
  A hobgoblin (D:3)
  2 rats (D:3)
9 creatures vanquished.

Notes
Turn   | Place    | Note
-------+----------+-------------------------------------------
     0 | D:5      | Goblin1989 the Demonspawn Delver began the quest for the
                  | Orb.
     0 | D:5      | Reached XP level 1. HP: 18/18 MP: 1/1
    32 | D:5      | Noticed a phantom
    57 | D:5      | Noticed a sky beast
    60 | D:5      | Noticed a hound
   264 | D:3      | Found a faded altar of an unknown god.
   331 | D:3      | Noticed a phantom
   615 | D:3      | Reached skill level 5 in Stealth
   615 | D:3      | Gained mutation: You are surrounded by a mild repulsion
                  | field. (EV +2) [demonic ancestry]
   615 | D:3      | Reached XP level 2. HP: 24/24 MP: 2/2
   652 | D:3      | Slain by an orc wizard

Illustrated notes

Levels and vault maps discovered:
D:3:      minmay_skewed_foursquare, layout_rooms,
          hellmonk_ecumenical_altar_crossroads
D:4:      layout_loops_ring, nrook_uturn, sigmund_edmund_badplayer
D:5:      layout_cave_pools

Skill      XL: |  1 |
---------------+----+-----
Stealth        | 5 |  5.0
Fighting       | |  3.0
Short Blades   | |  1.7
Dodging        | |  1.7

Action                   || total
-------------------------++-------
Melee: Short sword       ||    35
Throw: Boomerang         ||     2
  Use: Potion            ||     1
 Stab: Sleeping          ||     5
Armor: Leather armour    ||    19
Dodge: Dodged            ||    17

Table legend: (Time is in decaauts)
 A = Elapsed time spent in this place.
 B = Non-inter-level travel time spent in this place.
 C = Inter-level travel time spent in this place.
 D = Time resting spent in this place.
 E = Time spent auto-exploring this place.
 F = Levels seen in this place.
 G = Mean time per level.
                   A        B        C        D        E       F      G
               +--------+--------+--------+--------+--------+-----+--------+
         Total |    654 |    654 |      0 |    315 |      0 |   3 |  218.0 |
       Dungeon |    654 |    654 |      0 |    315 |      0 |   3 |  218.0 |
               +--------+--------+--------+--------+--------+-----+--------+

Top non-repeatable levels by time:
     D:3: 421 daAuts
     D:4: 163 daAuts
     D:5: 69 daAuts
